 Dungeon Crawl Stone Soup version 0.26-a0-778-g3fe0686644 (webtiles) character file.

Game seed: 11069231283828081251

109 robertstho the Slinger (level 5, -2/35 HPs)
             Began as a Halfling Hunter on Nov 10, 2020.
             Slain by Sigmund
             ... wielding a +0 scythe
              (10 damage)
             ... on level 2 of the Dungeon.
             The game lasted 00:02:03 (1284 turns).

robertstho the Slinger (Halfling Hunter)            Turns: 1284, Time: 00:02:04

Health: -2/35      AC:  6    Str: 14    XL:     5   Next: 13%
Magic:  5/5        EV: 13    Int:  9    God:
Gold:   78         SH:  0    Dex: 15    Spells: 4/4 levels left

rFire    . . .     SeeInvis .   b - +0 short sword
rCold    . . .     Faith    .   (shield restricted)
rNeg     . . .     Spirit   .   h - +0 ring mail (curse)
rPois    .         Reflect  .   (no helmet)
rElec    .         Harm     .   (no cloak)
rCorr    .         Rampage  .   (no gloves)
MR       .....                  m - +0 pair of boots
Stlth    ..........             (no amulet)
HPRegen  0.11/turn              (no ring)
MPRegen  0.09/turn              (no ring)

@: confused
A: small, mutation resistance 1
a: no special abilities


You were on level 2 of the Dungeon.
You visited 1 branch of the dungeon, and saw 2 of its levels.

You collected 78 gold pieces.

Inventory:

Hand Weapons
 a - a +1 hunting sling
 b - a +0 short sword (weapon)
Missiles
 f - 77 stones (quivered)
Armour
 c - a +0 leather armour
 h - a cursed +0 ring mail (worn)
 m - a +0 pair of boots (worn)
Scrolls
 e - a scroll of teleportation
 g - 2 scrolls of amnesia {unknown}
Potions
 k - a potion of mutation {unknown}
 l - 3 potions of haste {unknown}


   Skills:
 + Level 2.3 Fighting
 + Level 8.2 Slings
 + Level 0.6 Armour
 + Level 2.3 Dodging
 + Level 1.1 Stealth


You had 4 spell levels left.
You didn't know any spells.
Your spell library was empty.

Dungeon Overview and Level Annotations

Branches:
Dungeon (2/15)

Altars:

Annotations:
D:2 Sigmund


Innate Abilities, Weirdness & Mutations

You are small and have problems with some larger weapons.
You are somewhat resistant to further mutation.


Message History

Sigmund gestures wildly while chanting.
Sigmund flickers and vanishes!
Deactivating autopickup; reactivate with Ctrl-A.
You aren't carrying any items that you can evoke.
You hear some strange, mumbled words.
You are more confused.
Something hits you! The frilled lizard closely misses you.
Something hits you but does no damage.
The frilled lizard bites you but does no damage.
You hit the frilled lizard.
You kill the frilled lizard!
Something hits you but does no damage. Something hits you but does no damage.
Something hits you!
* * * LOW HITPOINT WARNING * * *
You aren't carrying any items that you can evoke.
Unknown command.
You see here a sling bullet.
Something hits you!
You die...

...... ...[...##......##
.....## #....##......##
.#......#####..........##
.......................##
.#.....................##
.....((((((.$......#####
.....(#(........####
.....(((....#...#
.....(#.@...#...# .....
#.....#...# ....
#.....#...# .##
##.####.### #.# #.# #..
..# ###


There were no monsters in sight!

Vanquished Creatures
  Jessica (D:1)
  Natasha (D:2)
  2 adders
  2 worms
  2 dart slugs (D:1)
  2 leopard geckos (D:1)
  3 bats (D:1)
  A giant cockroach (D:1)
  5 goblins
  4 hobgoblins
  A kobold (D:2)
  2 frilled lizards
  6 rats
32 creatures vanquished.

Notes
Turn   | Place    | Note
-------+----------+-------------------------------------------
     0 | D:1      | robertstho the Halfling Hunter began the quest for the Orb.
     0 | D:1      | Reached XP level 1. HP: 14/14 MP: 1/1
    88 | D:1      | Reached skill level 6 in Slings
   186 | D:1      | Reached XP level 2. HP: 19/19 MP: 2/2
   508 | D:1      | Reached skill level 7 in Slings
   508 | D:1      | Reached XP level 3. HP: 24/24 MP: 3/3
   796 | D:2      | Noticed Jessica
  1095 | D:1      | Killed Jessica
  1095 | D:1      | Reached XP level 4. HP: 29/29 MP: 4/4
  1240 | D:2      | Noticed Natasha
  1242 | D:2      | Killed Natasha
  1242 | D:2      | Reached skill level 8 in Slings
  1242 | D:2      | Reached XP level 5. HP: 30/35 MP: 5/5
  1252 | D:2      | Noticed Sigmund
  1284 | D:2      | Slain by Sigmund

Illustrated notes

Levels and vault maps discovered:
D:1:      lemuel_arrival_behind_the_door_small, layout_loops_cross
D:2:      minmay_wonky_spiral, layout_basic, uniq_sigmund, uniq_jessica,
          uniq_natasha

Skill      XL: |  1  2  3  4 |
---------------+-------------+-----
Slings         | 6 7 8 |  8.2
Fighting       | 2 |  2.3
Armour         | |  0.6
Dodging        | |  2.3
Stealth        | |  1.1

Action                   |  1- 3 |  4- 6 || total
-------------------------+-------+-------++-------
Melee: Short sword       |       |     3 ||     3
 Fire: Hunting sling     |    90 |    37 ||   127
  Use: Potion            |     2 |       ||     2
       Scroll            |     1 |       ||     1
Armor: Leather armour    |     1 |       ||     1
       Ring mail         |    16 |     5 ||    21
Dodge: Dodged            |    33 |     7 ||    40

Table legend: (Time is in decaauts)
 A = Elapsed time spent in this place.
 B = Non-inter-level travel time spent in this place.
 C = Inter-level travel time spent in this place.
 D = Time resting spent in this place.
 E = Time spent auto-exploring this place.
 F = Levels seen in this place.
 G = Mean time per level.
                   A        B        C        D        E       F      G
               +--------+--------+--------+--------+--------+-----+--------+
         Total |   1264 |   1195 |     69 |     50 |    936 |   2 |  632.0 |
       Dungeon |   1264 |   1195 |     69 |     50 |    936 |   2 |  632.0 |
               +--------+--------+--------+--------+--------+-----+--------+

Top non-repeatable levels by time:
     D:1: 1105 daAuts
     D:2: 159 daAuts
